 Dungeon Crawl Stone Soup version 0.29-a0-668-g12ee2bf84d (webtiles) character file.

Game seed: 10620589269035244019

746 Newt the Insei (level 7, -16/43 HPs)
             Began as an Octopode Transmuter on June 23, 2022.
             Was an Initiate of Qazlal.
             Demolished by an ogre
             ... wielding a +0 giant club
              (35 damage)
             ... on level 5 of the Dungeon.
             The game lasted 00:09:41 (5025 turns).

Newt the Insei (Octopode Transmuter)                Turns: 5025, Time: 00:09:41

Health: -16/43     AC:  1    Str: 11    XL:     7   Next: 77%
Magic:  20/20      EV: 14    Int: 15    God:    Qazlal [......]
Gold:   222        SH:  0    Dex: 13    Spells: 5/11 levels left

rFire   . . .      SeeInvis .     - Unarmed
rCold   . . .      Faith    .   (no shield)
rNeg    . . .      Spirit   .   (helmet restricted)
rPois   +          Reflect  .   y - amulet of magic regeneration
rElec   .          Harm     .   k - ring of poison resistance
rCorr   .          Rampage  .   n - ring of flight
Will    .....                   o - ring of magical power
Stlth   ++++......              (no ring)
HPRegen 0.14/turn               (no ring)
MPRegen 0.57/turn               (no ring)
                                (no ring)
                                (no ring)

@: wereblooded (expiring), flying
A: almost no armour, amphibious, 8 rings, camouflage 1, gelatinous body 1,
(nimble swimmer 1), tentacles
a: Renounce Religion


You were on level 5 of the Dungeon.
You worshipped Qazlal.
Qazlal was noncommittal.
You visited 1 branch of the dungeon, and saw 5 of its levels.

You collected 222 gold pieces.

Inventory:

Armour
 i - the +5 ring mail of Ophawkim {rF+ rC+}
   (You found it on level 2 of the Dungeon)

   rF:        It protects you from fire.
   rC:        It protects you from cold.
Jewellery
 k - a ring of poison resistance (left tentacle)
 n - a ring of flight (right tentacle)
 o - a ring of magical power (on tentacle)
 y - an amulet of magic regeneration (around mantle)
Wands
 r - a wand of flame (14)
Scrolls
 b - a scroll of torment {unknown}
 d - 6 scrolls of identify {unknown}
 e - 2 scrolls of blinking {unknown}
 f - 2 scrolls of brand weapon {unknown}
 h - 3 scrolls of enchant armour {unknown}
 j - a scroll of silence {unknown}
 m - 2 scrolls of enchant weapon {unknown}
 p - 3 scrolls of teleportation {unknown}
 s - a scroll of fog {unknown}
 t - a scroll of summoning {unknown}
 u - a scroll of magic mapping {unknown}
 v - a scroll of immolation {unknown}
Potions
 a - a potion of lignification
 c - 2 potions of attraction {unknown}
 g - 2 potions of curing {unknown}
 l - a potion of mutation {unknown}
 q - 3 potions of flight {unknown}
 w - a potion of heal wounds {unknown}
 x - 2 potions of might {unknown}


   Skills:
 + Level 1.6 Fighting
 + Level 3.4 Dodging
 + Level 5.1 Stealth
 + Level 5.7 Unarmed Combat
 + Level 2.9 Spellcasting
 + Level 2.9 Transmutations
 * Level 3.3 Poison Magic


You had 5 spell levels left.
You knew the following spells:

 Your Spells              Type           Power      Damage    Failure   Level
a - Beastly Appendage     Tmut           20%        N/A       6%          1
b - Wereblood             Tmut           10%        N/A       10%         2
c - Spider Form           Tmut/Pois      11%        N/A       17%         3

Your spell library contained the following spells:

 Spells                   Type           Power      Damage    Failure   Level
 Blink                    Tloc           4%         N/A       30%         2
 Lesser Beckoning         Tloc           2%         N/A       52%         3
 Ice Form                 Ice/Tmut       6%         N/A       73%         4
 Fireball                 Conj/Fire      1%         3d3       99%         5
 Manifold Assault         Tloc           2%         N/A       99%         5
 Starburst                Conj/Fire      1%         6d3       100%        6
 Ignition                 Fire           1%         3d3       100%        8


Dungeon Overview and Level Annotations

Branches:
Dungeon (5/15)             Temple (0/1) D:5

Altars:
Qazlal
Sif Muna
Uskayaw

Shops:
D:2 (


Innate Abilities, Weirdness & Mutations

You cannot wear most types of armour.
You are amphibious.
You can wear up to eight rings at the same time.
Your skin changes colour to match your surroundings (Stealth+).
Your rubbery body absorbs attacks. (AC +1, EV +1)
((You are camouflaged when in or above water. (Stealth+)))
You have tentacles for arms and can constrict up to eight enemies at once.


Message History

You constrict the iguana. The iguana bites you!
* * * LOW HITPOINT WARNING * * *
A scorpion comes into view.
You tentacle-slap the iguana but do no damage.
The iguana is severely wounded.
You constrict the iguana, but do no damage.
The iguana misses you.
You bludgeon the iguana!
You feel a bit better.
You kill the iguana!
Qazlal accepts your kill.
You howl as the wereblood boils in your veins!
The scorpion misses you.
You see here 9 gold pieces.
You barely miss the scorpion. You grab the scorpion.
You constrict the scorpion.
The scorpion stings you but does no damage.
You bludgeon the scorpion! You squeeze the scorpion.
The scorpion is severely wounded.
You constrict the scorpion. The scorpion closely misses you.
You bludgeon the scorpion!
You feel a bit better.
You kill the scorpion!
Qazlal accepts your kill.
You howl as the wereblood boils in your veins!
You start resting.
You howl as the wereblood boils in your veins!
You start resting.
You howl as the wereblood boils in your veins!
You hear a shout!
You start resting.
Your primal bloodlust is almost over.
An ogre comes into view. It is wielding a +0 giant club.
You now have 222 gold pieces (gained 9).
Casting: Wereblood (safe; 10% risk of failure)
Confirm with . or Enter, or press ? or * to list all spells.
Okay, then.
You tentacle-slap the ogre.
The ogre is moderately wounded.
The ogre hits you with a +0 giant club!!
Ouch! That really hurt!
You die...

## ... ##.#.... ..
...........# <......#...#
..#...##.#.# ..#....#.#.#
## .# .##.........
####.#..#
###........####.#...#
..............†.@O#
..#####....####.#...#
.....###.....#####.#..#
..#....#........#### .#
..#.#........#...# ###
<...#....##..###.####..###
........##...###..........
....#....##...............
....#÷....................


You could see an ogre.

Vanquished Creatures
  Menkaure (D:4)
  An ogre (D:4)
  3 scorpions
  2 hounds (D:5)
  A jelly (D:4)
  4 iguanas (D:5)
  3 gnolls (D:3)
  7 adders
  An ufetubus (D:5)
  4 dart slugs
  7 ball pythons
  7 endoplasms
  A giant cockroach (D:1)
  4 goblins
  13 hobgoblins
  4 jackals
  3 kobolds
  3 quokkas
  7 bats
  5 frilled lizards
  7 rats
88 creatures vanquished.

Vanquished Creatures (others)
  A fungus (D:1)
1 creature vanquished.

Grand Total: 89 creatures vanquished

Notes
Turn   | Place    | Note
-------+----------+-------------------------------------------
     0 | D:1      | Newt the Octopode Transmuter began the quest for the Orb.
     0 | D:1      | Reached XP level 1. HP: 13/13 MP: 3/3
   341 | D:1      | Reached XP level 2. HP: 13/18 MP: 5/5
   455 | D:1      | Learned a level 2 spell: Wereblood
   783 | D:1      | Reached skill level 1 in Stealth
   882 | D:1      | Reached XP level 3. HP: 22/23 MP: 6/6
  1347 | D:2      | Found Roufol's Weapon Boutique.
  2039 | D:2      | Reached XP level 4. HP: 28/28 MP: 7/7
  2045 | D:2      | Identified the +5 ring mail of Ophawkim {rF+ rC+}
  2184 | D:2      | Found a hide-covered altar of Uskayaw.
  3127 | D:3      | Reached XP level 5. HP: 30/33 MP: 8/8
  3567 | D:4      | Found a stormy altar of Qazlal.
  3576 | D:4      | Found a shimmering blue altar of Sif Muna.
  3576 | D:4      | Noticed Menkaure
  3590 | D:4      | Reached skill level 1 in Poison Magic
  3727 | D:4      | Became a worshipper of Qazlal Stormbringer
  3749 | D:4      | Killed Menkaure
  3750 | D:4      | Reached skill level 5 in Unarmed Combat
  3750 | D:4      | Reached XP level 6. HP: 36/38 MP: 9/9
  4018 | D:4      | Reached XP level 7. HP: 12/43 MP: 10/10
  4563 | D:5      | Entered Level 5 of the Dungeon
  4568 | D:5      | Learned a level 3 spell: Spider Form
  4574 | D:5      | Found a staircase to the Ecumenical Temple.
  4871 | D:5      | Reached skill level 5 in Stealth
  5025 | D:5      | Demolished by an ogre

Illustrated notes

Levels and vault maps discovered:
D:1:      dpeg_cavernosity, layout_basic, chequers_mini_garden
D:2:      layout_basic, basic_altar, serial_shops, nicolae_diamond_shop,
          kennysheep_boxes
D:3:      layout_loops_ring, gammafunk_temple_overflow_elements,
          shapermc_ecumenical_altar_mp_vishouse, dreamdust_princess_corridor,
          minmay_starry_boxes
D:4:      layout_rooms, nicolae_sif_muna_condensation, lemuel_crystal_altar,
          hex_large, serial_park_tiny_pond, uniq_menkaure
D:5:      minmay_spotlight, layout_cave_pools, gammafunk_temple_overflow_wave,
          minmay_temple_entry_stoned_glass, uniq_crazy_yiuf_cottage,
          uniq_eustachio

Skill      XL: |  1  2  3  4  5  6  7 |
---------------+----------------------+-----
Stealth        | 1 2 3 4 5 |  5.1
Unarmed Combat | 4 5 |  5.7
Poison Magic   | 2 3 |  3.3
Dodging        | 3 |  3.4
Fighting       | |  1.6
Spellcasting   | |  2.9
Transmutations | |  2.9

Action                   |  1- 3 |  4- 6 |  7- 9 || total
-------------------------+-------+-------+-------++-------
Melee: Unarmed           |    80 |    99 |    32 ||   211
       Constrict         |    19 |    25 |     9 ||    53
       Tentacles         |    16 |    31 |     8 ||    55
       Punch             |     2 |     2 |     2 ||     6
       Kick              |     2 |     9 |     8 ||    19
 Cast: Beastly Appendage |     1 |     5 |     3 ||     9
       Wereblood         |       |     4 |     2 ||     6
 Stab: Sleeping          |     4 |     9 |     1 ||    14
       Distracted        |     1 |       |       ||     1
Armor: Skin              |     6 |    10 |     1 ||    17
Dodge: Dodged            |    64 |    48 |    18 ||   130

Table legend: (Time is in decaauts)
 A = Elapsed time spent in this place.
 B = Non-inter-level travel time spent in this place.
 C = Inter-level travel time spent in this place.
 D = Time resting spent in this place.
 E = Time spent auto-exploring this place.
 F = Levels seen in this place.
 G = Mean time per level.
                   A        B        C        D        E       F      G
               +--------+--------+--------+--------+--------+-----+--------+
         Total |   5006 |   4888 |    118 |   1269 |   2874 |   5 | 1001.2 |
       Dungeon |   5006 |   4888 |    118 |   1269 |   2874 |   5 | 1001.2 |
               +--------+--------+--------+--------+--------+-----+--------+

Top non-repeatable levels by time:
     D:1: 1497 daAuts
     D:2: 1300 daAuts
     D:4: 1047 daAuts
     D:3: 702 daAuts
     D:5: 459 daAuts
